 Dungeon Crawl Stone Soup version 0.29-a0-643-ga013cefcf8 (webtiles) character file.

Game seed: 2404169601422369342

4157 wilfster70 the Cleaver (level 10, -1/78 (81) HPs)
             Began as a Hill Orc Fighter on June 19, 2022.
             Was a Believer of Beogh.
             Slain by a seven-headed hydra (6 damage)
             ... on level 8 of the Dungeon.
             The game lasted 00:16:09 (8230 turns).

wilfster70 the Cleaver (Hill Orc Fighter)           Turns: 8230, Time: 00:16:10

HP:   -1/78 (81)    AC: 14    Str: 24    XL:     10   Next: 28%
MP:   0/26          EV:  6    Int:  8    God:    Beogh [**....]
Gold: 359           SH:  4    Dex: 10    Spells: 9/9 levels left

rFire   . . .      SeeInvis .   a - +2 war axe
rCold   . . .      Faith    .   c - +0 buckler
rNeg    . . .      Spirit   +   n - +0 plate armour
rPois   .          Reflect  .   (no helmet)
rElec   .          Harm     .   (no cloak)
rCorr   .          Rampage  .   (no gloves)
Will    .....                   h - +1 pair of boots
Stlth   ..........              l - amulet of guardian spirit
HPRegen 0.23/turn               w - ring of magical power
MPRegen 0.20/turn               (no ring)

@: about to teleport, lightly drained
A: no striking features
a: Renounce Religion, Smiting


You were on level 8 of the Dungeon.
You worshipped Beogh.
Beogh was pleased with you.
You visited 1 branch of the dungeon, and saw 8 of its levels.

You collected 359 gold pieces.

Inventory:

Hand Weapons
 a - a +2 war axe (weapon)
 p - a +0 scythe
 r - a +1 vampiric halberd
 u - a +1 vampiric halberd
 v - a +3 halberd
Missiles
 k - 2 poisoned darts (quivered)
Armour
 c - a +0 buckler (worn)
 h - a +1 pair of boots (worn)
 n - a +0 plate armour (worn)
Jewellery
 l - an amulet of guardian spirit (around neck)
 w - a ring of magical power (left hand)
Wands
 i - a wand of digging (7)
 q - a wand of charming (8)
 y - a wand of light (9)
Scrolls
 g - 2 scrolls of teleportation
Potions
 b - a potion of flight
 d - 2 potions of might
 e - a potion of heal wounds
 f - 3 potions of haste
 j - 4 potions of curing
 m - a potion of ambrosia
 o - a potion of invisibility
 s - a potion of magic {unknown}
 t - 2 potions of cancellation
 x - a potion of lignification


   Skills:
 - Level 5.0 Fighting
 * Level 14.5 Axes
 - Level 6.0 Armour
 - Level 4.0 Shields
 + Level 9.5 Invocations


You had 9 spell levels left.
You didn't know any spells.
Your spell library contained the following spells:

 Spells                   Type           Power      Damage    Failure   Level
 Beastly Appendage        Tmut           0%         N/A       100%        1
 Wereblood                Tmut           0%         N/A       100%        2
 Ozocubu's Armour         Ice            0%         N/A       100%        3
 Spider Form              Tmut/Pois      0%         N/A       100%        3
 Ozocubu's Refrigeration  Ice            0%         4d5       100%        7


Dungeon Overview and Level Annotations

Branches:
Dungeon (8/15)             Temple (0/1) D:7
   Lair: D:8-11

Altars:
Ashenzari
Dithmenos
Fedhas
Gozag
Hepliaklqana
Kikubaaqudgha
Xom


Message History

You block the ice beast's attack.
You hit the ice beast.
You kill the ice beast!
Beogh accepts your kill.
Found a battleaxe.
A seven-headed hydra comes into view.
The seven-headed hydra roars!
Okay, then.
The seven-headed hydra bites you. The seven-headed hydra bites you!
The seven-headed hydra bites you but does no damage. x2
The seven-headed hydra bites you.
The seven-headed hydra bites you but does no damage.
The seven-headed hydra bites you!
The seven-headed hydra attacks as you move away!
The seven-headed hydra bites you but does no damage.
The seven-headed hydra bites you.
The seven-headed hydra barely misses you.
The seven-headed hydra bites you! x2; The seven-headed hydra bites you.
The seven-headed hydra bites you but does no damage.
The seven-headed hydra attacks as you move away!
The seven-headed hydra bites you. x2
The seven-headed hydra closely misses you. x3
The seven-headed hydra bites you but does no damage. x2
As you read the scroll of teleportation, it crumbles to dust.
You feel strangely unstable.
The seven-headed hydra bites you but does no damage.
You block the seven-headed hydra's attack.
The seven-headed hydra bites you.
The seven-headed hydra bites you but does no damage. x2
The seven-headed hydra bites you!
* * * LOW HITPOINT WARNING * * *
The seven-headed hydra bites you.
* * * LOW HITPOINT WARNING * * *
The seven-headed hydra attacks as you move away!
The seven-headed hydra completely misses you.
The seven-headed hydra bites you!
* * * LOW HITPOINT WARNING * * *
The seven-headed hydra bites you but does no damage. x2
The seven-headed hydra bites you. The seven-headed hydra bites you!
You die...

.######..........
.##...'........#.
.##.###.........# ####..
.##.# ###........ ... .#
.##.# #.##########.##.#
.##.# #.#... ......# #
.##.#####.#.#######.....#.#
.##.#.....................#
###.#.###.#.#...@D#.....#
....# #.#.#...........+
##### #.#.#.....#.....# #
#.#.#.#####.....# ###
#.#.#.# #.....# ..# #.#.#.#
#.##### #.# #.#.#.# #.# #.#
#.# #)# #.# #.#


You could see a seven-headed hydra.

Vanquished Creatures
  Joseph (D:7)
  Maggie (D:7)
  Grinder (D:4)
  Eustachio (D:6)
  A steam dragon (D:7)
  Menkaure (D:4)
  2 water moccasins
  2 orc warriors (D:4)
  2 black bears
  4 ice beasts
  2 ogres
  2 bullfrogs (D:7)
  Blork the orc (D:5)
  A gnoll sergeant (D:4)
  4 scorpions
  2 necrophages
  8 wights
  A jelly (D:7)
  2 gnoll shamans
  2 hounds (D:5)
  Terence (D:2)
  An orc priest (D:6)
  Jessica (D:4)
  5 iguanas
  Natasha (thrice) (D:2)
  3 orc wizards
  17 gnolls
  7 adders
  A white imp (D:7)
  2 ufetubi
  3 dart slugs
  4 worms
  17 orcs
  3 endoplasms
  2 giant cockroaches (D:3)
  5 goblins
  4 hobgoblins
  9 jackals
  4 quokkas
  A ball python (D:2)
  4 bats
  3 frilled lizards
  11 kobolds
  7 rats
159 creatures vanquished.

Vanquished Creatures (others)
  A hound (D:4)
1 creature vanquished.

Grand Total: 160 creatures vanquished

Notes
Turn   | Place    | Note
-------+----------+-------------------------------------------
     0 | D:1      | wilfster70 the Hill Orc Fighter began the quest for the
                  | Orb.
     0 | D:1      | Reached XP level 1. HP: 19/19 MP: 1/1
    15 | D:1      | You fall into a shaft and drop 1 floor!
    57 | D:2      | Noticed Natasha
    68 | D:2      | Killed Natasha
    69 | D:2      | Reached skill level 3 in Axes
    69 | D:2      | Reached XP level 2. HP: 25/27 MP: 2/2
    69 | D:2      | Reached XP level 3. HP: 31/33 MP: 3/3
   125 | D:2      | Found a broken altar of Ashenzari.
   967 | D:2      | Noticed Natasha
   977 | D:2      | Killed Natasha
   978 | D:2      | Reached skill level 4 in Axes
   978 | D:2      | Reached XP level 4. HP: 24/40 MP: 4/4
  1121 | D:2      | Noticed Terence
  1129 | D:2      | Killed Terence
  1204 | D:2      | Reached XP level 5. HP: 47/47 MP: 5/5
  1229 | D:2      | Reached skill level 5 in Axes
  1633 | D:2      | Noticed Natasha
  1641 | D:2      | Killed Natasha
  1764 | D:2      | Noticed Jessica
  2339 | D:3      | Noticed a black bear
  2352 | D:3      | Killed a black bear
  2353 | D:3      | Reached skill level 5 in Fighting
  2353 | D:3      | Reached skill level 6 in Axes
  2353 | D:3      | Reached XP level 6. HP: 46/56 MP: 6/6
  2968 | D:4      | Became a worshipper of Beogh the Brigand
  3010 | D:4      | Killed Jessica
  3090 | D:4      | Reached skill level 1 in Invocations
  3209 | D:4      | Found a blossoming altar of Fedhas.
  3663 | D:4      | Noticed Menkaure
  3677 | D:4      | Killed Menkaure
  3678 | D:4      | Reached skill level 7 in Axes
  3678 | D:4      | Reached skill level 5 in Armour
  3678 | D:4      | Reached XP level 7. HP: 32/61 MP: 4/8
  4240 | D:5      | Entered Level 5 of the Dungeon
  4244 | D:5      | Noticed Grinder
  4245 | D:5      | Noticed Blork the orc
  4364 | D:4      | Killed Grinder
  4365 | D:4      | Reached skill level 8 in Axes
  4365 | D:4      | Reached XP level 8. HP: 43/68 MP: 6/10
  4629 | D:4      | Reached skill level 9 in Axes
  4883 | D:4      | Reached * piety under Beogh
  4884 | D:4      | Reached skill level 5 in Invocations
  4949 | D:5      | Killed Blork the orc
  4950 | D:5      | Reached skill level 10 in Axes
  5092 | D:5      | Found a shimmering altar of Xom.
  5136 | D:5      | Reached XP level 9. HP: 53/74 MP: 10/13
  5287 | D:5      | Reached skill level 11 in Axes
  5392 | D:5      | Found an ancient bone altar of Kikubaaqudgha.
  5392 | D:5      | Found a shadowy altar of Dithmenos.
  5507 | D:5      | Found a hazy altar of Hepliaklqana.
  5906 | D:6      | Noticed Eustachio
  5920 | D:6      | Killed Eustachio
  5920 | D:6      | Reached ** piety under Beogh
  5921 | D:6      | Reached skill level 12 in Axes
  6589 | D:6      | Found an opulent altar of Gozag.
  6884 | D:7      | Found a staircase to the Ecumenical Temple.
  6884 | D:7      | Noticed Joseph
  6993 | D:7      | Killed Joseph
  6994 | D:7      | Reached skill level 13 in Axes
  7280 | D:7      | Reached XP level 10. HP: 78/81 MP: 16/16
  7395 | D:7      | Reached skill level 14 in Axes
  7419 | D:7      | Noticed Maggie
  7441 | D:7      | Killed Maggie
  8221 | D:8      | Noticed a seven-headed hydra
  8230 | D:8      | Slain by a seven-headed hydra

Illustrated notes

Levels and vault maps discovered:
D:1:      roderic_octagonal_star, layout_rooms
D:2:      layout_basic, basic_altar, chequers_decorated_corner, chequers_garden,
          hangedman_decor_peaks_small, minmay_goblin_kobold_house, uniq_jessica,
          uniq_natasha, uniq_terence
D:3:      layout_loops_ring, minmay_surrounded
D:4:      layout_layer_cave, fedhas_altar_4, grunt_ministairs_5, uniq_menkaure
D:5:      layout_cave_pools, mainiacjoe_overflow_six_doors_small,
          gammafunk_temple_overflow_elements, xom_confusion_cloud,
          hangedman_abyss_or_decor_stabs, uniq_grinder, uniq_blork_the_orc
D:6:      layout_loops_cross, grunt_gozag_statues, uniq_eustachio
D:7:      layout_rooms, minmay_temple_entry_large_hall, uniq_maggie, uniq_joseph
D:8:      layout_basic, old_standard_altar, dpeg_oklobed_lair

Skill      XL: |  1  2  3  4  5  6  7  8  9 10 |
---------------+-------------------------------+-----
Axes           | 3 4 6 7 8 10 13 14 | 14.5
Fighting       | 4 5 |  5.0
Shields        | 4 |  4.0
Armour         | 4 5 6 |  6.0
Invocations    | 2 3 6 8 9 |  9.5

Action                   |  1- 3 |  4- 6 |  7- 9 | 10-12 || total
-------------------------+-------+-------+-------+-------++-------
Melee: War axe           |    63 |   127 |   272 |    73 ||   535
Invok: Convert to Beogh  |       |     1 |       |       ||     1
  Use: Scroll            |     4 |     9 |     6 |     2 ||    21
Armor: Scale mail        |    29 |    21 |       |       ||    50
       Chain mail        |       |    42 |       |       ||    42
       Plate armour      |       |    15 |   167 |    39 ||   221
Dodge: Dodged            |    36 |    49 |    76 |    17 ||   178
Block: Buckler           |    17 |    33 |    63 |    16 ||   129

Table legend: (Time is in decaauts)
 A = Elapsed time spent in this place.
 B = Non-inter-level travel time spent in this place.
 C = Inter-level travel time spent in this place.
 D = Time resting spent in this place.
 E = Time spent auto-exploring this place.
 F = Levels seen in this place.
 G = Mean time per level.
                   A        B        C        D        E       F      G
               +--------+--------+--------+--------+--------+-----+--------+
         Total |   8283 |   8079 |    204 |   2109 |   3889 |   8 | 1035.4 |
       Dungeon |   8283 |   8079 |    204 |   2109 |   3889 |   8 | 1035.4 |
               +--------+--------+--------+--------+--------+-----+--------+

Top non-repeatable levels by time:
     D:4: 2063 daAuts
     D:2: 1361 daAuts
     D:6: 1219 daAuts
     D:3: 1026 daAuts
     D:7: 917 daAuts
     D:5: 784 daAuts
     D:1: 546 daAuts
     D:8: 364 daAuts
